 Dungeon Crawl Stone Soup version 0.31-a0-200-gbc41564c69 (webtiles) character file.

Game seed: 8096890896689867207

306 qw the Skirmisher (level 6, -8/35 HPs)
             Began as a Deep Elf Hunter on June 25, 2023.
             Mangled by an ogre
             ... wielding a +0 giant spiked club
              (22 damage)
             ... on level 3 of the Dungeon.
             The game lasted 00:00:53 (2763 turns).

qw the Skirmisher (Deep Elf Hunter)                 Turns: 2763, Time: 00:00:54

Health: -8/35      AC:  9    Str: 10    XL:     6   Next: 16%
Magic:  8/8        EV:  9    Int: 14    God:
Gold:   27         SH:  0    Dex: 18    Spells: 5/5 levels left

rFire   . . .        Y - +1 shortbow
rCold   . . .        (shield currently unavailable)
rNeg    . . .        j - +0 scale mail
rPois   .            a - +0 helmet
rElec   .            h - +0 cloak
rCorr   .            g - +0 pair of gloves
SInv    .            (no boots)
Will    .....        (no amulet)
Stlth   +            c - +4 ring of slaying {mikee}
HPRegen 0.25/turn    (no ring)
MPRegen 0.11/turn

%: no passive effects
@: no status effects
A: no striking features
a: no special abilities


You were on level 3 of the Dungeon.
You visited 1 branch of the dungeon, and saw 4 of its levels.

You collected 76 gold pieces.
You spent 49 gold pieces at shops.


   Skills:
 - Level 2.3 Fighting
 + Level 9.0 Ranged Weapons
 - Level 1.3 Armour
 - Level 2.4 Dodging
 - Level 1.2 Stealth


You had 5 spell levels left.
You didn't know any spells.
Your spell library was empty.

Inventory:

Hand Weapons
 Y - a +1 shortbow (weapon)
Armour
 a - a +0 helmet (worn)
 g - a +0 pair of gloves (worn)
 h - a +0 cloak (worn)
 j - a +0 scale mail (worn)
Jewellery
 c - a +4 ring of slaying (left hand) {mikee}
Scrolls
 k - a scroll of identify
Potions
 b - a potion of mutation
 f - a potion of resistance

Dungeon Overview and Level Annotations

Branches:
Dungeon (4/15)
 Temple: D:4-7

Altars:

Shops:
D:3 [


Message History

Deactivating autopickup; reactivate with Ctrl-A.
The orc barely misses you.
A centaur comes into view.
You shoot an arrow. The centaur shouts!
The arrow hits the orc.
The orc is severely wounded.
You hear a bark!
The orc hits you but does no damage.
The ogre hits you with a +0 giant spiked club!!
Ouch! That really hurt!
The orc barely misses you.
2754 ||| STAIRDANCE The orc barely misses you.
You climb upwards.
Reactivating autopickup.
There is a stone staircase leading down here.
You shoot an arrow. The arrow barely misses the orc.
The ogre closely misses you. The orc completely misses you.
You shoot an arrow. The arrow hits the orc.
You kill the orc!
The ogre completely misses you.
You shoot an arrow. The arrow completely misses the ogre.
The ogre hits you with a +0 giant spiked club!
2759 ||| DRINKING potion of heal wounds.
You feel much better.
You shoot an arrow. The arrow hits the ogre!
The ogre is moderately wounded.
The ogre hits you with a +0 giant spiked club!!
Ouch! That really hurt!
You shoot an arrow. The arrow barely misses the ogre.
The ogre completely misses you.
You shoot an arrow. The arrow hits the ogre!
The ogre is severely wounded.
The ogre barely misses you.
You shoot an arrow. The arrow hits the ogre.
The ogre is almost dead.
The ogre hits you with a +0 giant spiked club!!
Ouch! That really hurt!
You die...

### ..# ### '.# #.# #.# #.#
#.#################.###########
#...............@)............#
#..########.....O......#.####.###
#.........................###.#.#
#................)...#.#..#.#.#.#
#............###.##..#.#..#.#.#.#
#.#####.####.........#....#.#.#.#
'.# #.# #.###.##..#.##.#.#.#.#
..## #.# #.# #.##.............#
...# #.# #.# #.##.............#


You could see an ogre.

Vanquished Creatures
  2 scorpions (D:4)
  A howler monkey (D:4)
  4 adders
  3 gnolls (D:3)
  2 river rats (D:3)
  3 dart slugs
  4 orcs
  4 ball pythons (D:1)
  4 endoplasms (D:1)
  2 giant cockroaches
  2 goblins
  7 hobgoblins
  4 jackals (D:1)
  4 kobolds
  3 quokkas
  4 bats
  A frilled lizard (D:1)
  5 rats
59 creatures vanquished.

Notes
Turn   | Place    | Note
-------+----------+-------------------------------------------
     0 | D:1      | qw the Deep Elf Hunter began the quest for the Orb.
     0 | D:1      | Reached XP level 1. HP: 12/12 MP: 3/3
     0 | D:1      | 0 ||| qw: Version: 0.3-a-22-g0ed2b0b
     0 | D:1      | 0 ||| qw: Game counter: 5654
     0 | D:1      | 0 ||| qw: Melee chars always use a shield: true
     0 | D:1      | 0 ||| qw: God list: Okawaru
     0 | D:1      | 0 ||| qw: Allow faded altars: false
     0 | D:1      | 0 ||| qw: Do Orc after clearing Dungeon:15 true
     0 | D:1      | 0 ||| qw: Do second Lair branch before Depths: true
     0 | D:1      | 0 ||| qw: Lair rune preference: random
     0 | D:1      | 0 ||| qw: Goals: Normal
     0 | D:1      | 0 ||| PLANNING D:1-11
   233 | D:1      | Reached XP level 2. HP: 16/16 MP: 4/4
   245 | D:1      | Reached skill level 6 in Ranged Weapons
   376 | D:1      | 376 ||| FLEEEEING.
   377 | D:1      | 377 ||| FLEEEEING.
   378 | D:1      | 378 ||| FLEEEEING.
   498 | D:1      | 498 ||| FLEEEEING.
   499 | D:1      | 499 ||| FLEEEEING.
   699 | D:1      | Reached XP level 3. HP: 20/20 MP: 5/5
   887 | D:1      | 887 ||| UPGRADING to +0 cloak.
   892 | D:1      | 892 ||| UPGRADING to +0 scale mail.
   902 | D:1      | 902 ||| DROPPING +0 leather armour.
   903 | D:1      | 903 ||| READING scroll labelled JOUMNO ATHRAOM.
   904 | D:1      | 904 ||| READING scroll labelled VAMAVIGRAT.
   909 | D:1      | 909 ||| READING 3 scrolls labelled TYICANGIAC.
   910 | D:1      | 910 ||| DRINKING 2 metallic white potions.
   911 | D:1      | 911 ||| READING 2 scrolls of identify.
   911 | D:1      | 911 ||| IDENTIFYING coppery potion
   912 | D:1      | 912 ||| DROPPING scroll of butterflies.
  1557 | D:2      | 1557 ||| UPGRADING to +4 ring of slaying {mikee}.
  1558 | D:2      | 1558 ||| READING scroll labelled DAHIACIACU.
  1559 | D:2      | 1559 ||| READING scroll labelled FOKKO OGHEME.
  1560 | D:2      | 1560 ||| READING 5 scrolls of identify.
  1560 | D:2      | 1560 ||| IDENTIFYING black potion
  1561 | D:2      | 1561 ||| READING 4 scrolls of identify.
  1561 | D:2      | 1561 ||| IDENTIFYING pink potion
  1562 | D:2      | 1562 ||| DROPPING potion of magic.
  1585 | D:3      | 1585 ||| PLANNING SEWER
  1674 | D:3      | Reached skill level 7 in Ranged Weapons
  1878 | D:3      | HP: 4/20 [gnoll/+0 spear (3)]
  1879 | D:3      | 1879 ||| DRINKING 2 potions of heal wounds.
  1884 | D:3      | Reached XP level 4. HP: 17/25 MP: 6/6
  1994 | D:3      | Found Juesholaw's Armour Shoppe.
  1998 | D:3      | 1998 ||| BUYING +0 pair of gloves (49 gold).
  1998 | D:3      | Bought a +0 pair of gloves for 49 gold pieces
  1998 | D:3      | 1998 ||| SHOPLISTING +0 ring mail (44 gold, have 13).
  1998 | D:3      | 1998 ||| SHOPLISTING +0 ring mail of cold resistance (121
                  | gold, have 13).
  1998 | D:3      | 1998 ||| SHOPLISTING +1 cloak of stealth (181 gold, have
                  | 13).
  1998 | D:3      | 1998 ||| SHOPLISTING +1 leather armour "Dioraogu" {rF+++
                  | rC+ Str-2 Int-2} (523 gold, have 13).
  1998 | D:3      | 1998 ||| SHOPLISTING +1 scale mail of cold resistance (176
                  | gold, have 13).
  2094 | D:3      | HP: 6/25 [poisoned by an adder]
  2095 | D:3      | 2095 ||| DRINKING 2 potions of heal wounds.
  2102 | D:3      | Reached skill level 8 in Ranged Weapons
  2103 | D:3      | 2103 ||| FLEEEEING.
  2296 | D:3      | 2296 ||| RIP SEWER
  2360 | D:3      | 2360 ||| PLANNING D:1-11
  2512 | D:3      | 2512 ||| UPGRADING to +0 helmet.
  2517 | D:3      | 2517 ||| UPGRADING to +0 pair of gloves.
  2522 | D:3      | 2522 ||| READING scroll labelled RANEICAALER.
  2523 | D:3      | 2523 ||| DRINKING 2 inky potions.
  2524 | D:3      | 2524 ||| DRINKING potion of curing.
  2524 | D:3      | 2524 ||| (to cure confusion)
  2525 | D:3      | 2525 ||| READING 3 scrolls of identify.
  2525 | D:3      | 2525 ||| IDENTIFYING fizzy red potion
  2526 | D:3      | 2526 ||| READING 2 scrolls of identify.
  2526 | D:3      | 2526 ||| IDENTIFYING fizzy green potion
  2527 | D:3      | 2527 ||| DROPPING potion of ambrosia.
  2528 | D:3      | 2528 ||| DROPPING potion of berserk rage.
  2565 | D:4      | Reached skill level 1 in Armour
  2565 | D:4      | Reached XP level 5. HP: 29/29 MP: 7/7
  2568 | D:4      | 2568 ||| STAIRDANCE
  2657 | D:4      | Reached skill level 9 in Ranged Weapons
  2663 | D:4      | Reached XP level 6. HP: 22/35 MP: 8/8
  2663 | D:4      | 2663 ||| FLEEEEING.
  2664 | D:4      | 2664 ||| STAIRDANCE
  2754 | D:4      | 2754 ||| STAIRDANCE
  2758 | D:3      | HP: 2/35 [ogre/+0 giant spiked club (10)]
  2759 | D:3      | 2759 ||| DRINKING potion of heal wounds.
  2763 | D:3      | Mangled by an ogre

Levels and vault maps discovered:
D:1:      sevenhm_arrival_forest_fort_small_4, layout_basic,
          corexii_hall_statues_l, moated_statue, feat_on_display
D:2:      layout_loops_ring
D:3:      layout_basic, serial_shops, nicolae_shop_back_alley_shop,
          gup_sewer_entry_bowl, minivault_11, minmay_misc_feat_chi
D:4:      layout_rooms, uniq_duvessa

Skill      XL: |  1  2  3  4  5 |
---------------+----------------+-----
Ranged Weapons | 6 7 8 9 |  9.0
Armour         | 1 |  1.3
Fighting       | 2 |  2.3
Dodging        | |  2.4
Stealth        | |  1.2

Action                     |  1- 3 |  4- 6 || total
---------------------------+-------+-------++-------
   Fire: Shortbow          |   108 |    58 ||   166
    Use: Scroll            |     8 |     3 ||    11
         Potion            |     2 |     4 ||     6
 Armour: Leather armour    |     2 |       ||     2
         Scale mail        |     8 |    15 ||    23
  Dodge: Dodged            |    20 |    28 ||    48

Table legend:
 A = Non-vault XP
 B = Vault XP
 C = Vault XP percentage of total XP
 D = Non-vault monster count
 E = Vault monster count
 F = Vault count percentage of total count
                 A         B        C        D         E       F
            +---------+---------+-------+---------+---------+-------
      Total |     409 |      29 |   6.6 |      55 |       4 |   6.8
            +---------+---------+-------+---------+---------+-------
        D:1 |      47 |       0 |   0.0 |      26 |       0 |   0.0
        D:2 |      13 |       0 |   0.0 |       7 |       0 |   0.0
        D:3 |      88 |      29 |  24.8 |      13 |       4 |  23.5
        D:4 |     261 |       0 |   0.0 |       9 |       0 |   0.0
            +---------+---------+-------+---------+---------+-------
